 Dungeon Crawl Stone Soup version 0.21.0-25-ge575cb9 (webtiles) character file.

421 Moloch the Spear-Bearer (level 6, -12/49 HPs)
             Began as a Merfolk Fighter on Jan 26, 2018.
             Mangled by an ice beast (14 damage)
             ... on level 5 of the Dungeon.
             The game lasted 00:06:29 (4273 turns).

Moloch the Spear-Bearer (Merfolk Fighter)           Turns: 4273, Time: 00:06:30

Health: -12/49     AC:  8    Str: 17    XL:     6   Next: 94%
Magic:  6/6        EV:  9    Int:  8    God:
Gold:   279        SH:  0    Dex: 10    Spells: 5/5 levels left

rFire    . . .     SeeInvis .   s - +0 halberd
rCold    . . .     Gourm    .   (shield currently unavailable)
rNeg     . . .     Faith    +   b - +0 scale mail
rPois    .         Spirit   .   (no helmet)
rElec    .         Reflect  .   (no cloak)
rCorr    .         Harm     .   l - +0 pair of gloves
MR       .....                  j - +0 pair of boots
Stlth    ..........             k - amulet of faith
HPRegen  0.16/turn              p - -4 ring of dexterity (curse)
MPRegen  0.10/turn              (no ring)

@: no status effects
A: change form in water, swift swim, stealthy swim
a: no special abilities


You were on level 5 of the Dungeon.
You were very hungry.

You visited 1 branch of the dungeon, and saw 5 of its levels.
You also visited: Sewer.

You collected 279 gold pieces.

Inventory:

Hand Weapons
 a - a +0 trident
 s - a +0 halberd (weapon)
Armour
 b - a +0 scale mail (worn)
 c - a +0 shield
 j - a +0 pair of boots (worn)
 l - a +0 pair of gloves (worn)
Jewellery
 k - an amulet of faith (around neck)
 p - a cursed -4 ring of dexterity (left hand)
Scrolls
 h - a scroll of immolation {unknown}
 i - 2 scrolls of identify {unknown}
 m - 5 scrolls of teleportation {unknown}
 n - a scroll of enchant weapon {unknown}
 o - 2 scrolls of remove curse {unknown}
 t - a scroll of noise {unknown}
 w - a scroll of magic mapping {unknown}
Potions
 d - a potion of berserk rage {unknown}
 e - 2 potions of lignification {unknown}
 g - 2 potions of curing {unknown}
 q - a potion of flight {unknown}
 r - a potion of mutation {unknown}
 u - 2 potions of might
 v - a potion of resistance {unknown}
Comestibles
 f - 11 rations


   Skills:
 + Level 4.6 Fighting
 * Level 9.4 Polearms
 - Level 2.1 Armour
 - Level 3.0 Shields


You had 5 spell levels left.
You didn't know any spells.

Dungeon Overview and Level Annotations

Branches:
Dungeon (5/15)
 Temple: D:4-7

Altars:
Elyvilon
Qazlal
Vehumet

Shops:
D:5 }

Annotations:
D:3 Shenda's ghost, amateur GnSk


Message History

You are too injured to fight recklessly!
You are too injured to fight recklessly!
You are too injured to fight recklessly!
You are too injured to fight recklessly!
You are too injured to fight recklessly!
You closely miss the ice beast.
The ice beast is severely wounded.
The ice beast hits you.
* * * LOW HITPOINT WARNING * * *
The ice beast freezes you!
* * * LOW HITPOINT WARNING * * *
You closely miss the ice beast.
The ice beast is severely wounded.
The ice beast barely misses you.
You closely miss the ice beast.
The ice beast is severely wounded.
The ice beast hits you.
* * * LOW HITPOINT WARNING * * *
The ice beast freezes you!
You die...

#...# #...# .... ..# ###
###. #.# ..## #.. #####
#.#####..### #.#
......##..........###.##
..>.∩hY@...###.##.......
......####.# #(# #<....
..>.. #.###.####....#
.... #...........#<# !..
#####......##.. ##
#......####. #..#..).#
## #.##....# #. #....#


You could see an ice beast and a jackal.

Vanquished Creatures
  A crocodile (Sewer)
  A bullfrog skeleton (D:5)
  An orc wizard (D:4)
  A worker ant (D:4)
  2 river rats (D:3)
  10 adders
  2 oozes
  4 worms (D:3)
  4 dart slugs
  A leopard gecko (D:2)
  11 orcs
  2 ball pythons (D:1)
  6 giant cockroaches
  9 goblins
  15 hobgoblins
  6 jackals
  9 kobolds
  A quokka (D:4)
  14 bats
  2 frilled lizards
  A jackal skeleton (D:5)
  17 rats
120 creatures vanquished.

Notes
Turn   | Place    | Note
-------+----------+-------------------------------------------
     0 | D:1      | Moloch the Merfolk Fighter began the quest for the Orb.
     0 | D:1      | Reached XP level 1. HP: 18/18 MP: 1/1
    81 | D:1      | Reached XP level 2. HP: 23/24 MP: 2/2
   190 | D:1      | Reached skill level 4 in Polearms
   244 | D:1      | Reached XP level 3. HP: 29/30 MP: 3/3
   675 | D:2      | Reached skill level 5 in Polearms
   717 | D:2      | Reached XP level 4. HP: 37/37 MP: 4/4
   830 | D:2      | Reached skill level 6 in Polearms
  1263 | D:2      | Reached XP level 5. HP: 42/42 MP: 5/5
  1521 | D:3      | Found a radiant altar of Vehumet.
  1532 | D:3      | Noticed Shenda's ghost (amateur GnSk)
  1703 | D:3      | Reached skill level 7 in Polearms
  1894 | D:3      | Found a glowing drain.
  1902 | Sewer    | Entered a sewer
  2062 | Sewer    | Noticed a crocodile
  2081 | Sewer    | HP: 2/42 [crocodile (11)]
  2088 | Sewer    | Killed a crocodile
  2088 | Sewer    | Reached skill level 8 in Polearms
  2088 | Sewer    | Reached XP level 6. HP: 2/49 MP: 6/6
  3418 | D:4      | Found a white marble altar of Elyvilon.
  3438 | D:4      | Found a stormy altar of Qazlal.
  3756 | D:4      | Reached skill level 9 in Polearms
  4223 | D:5      | Entered Level 5 of the Dungeon
  4257 | D:5      | Found Uwkuss's Gadget Emporium.
  4261 | D:5      | Noticed an ice beast
  4273 | D:5      | HP: 2/49 [ice beast (4)]
  4273 | D:5      | Mangled by an ice beast

Skill      XL: |  1  2  3  4  5  6 |
---------------+-------------------+-----
Polearms       | 4 5 6 8 9 |  9.4
Fighting       | 4 |  4.6
Armour         | |  2.1
Shields        | |  3.0

Action                   |  1- 3 |  4- 6 || total
-------------------------+-------+-------++-------
Melee: Trident           |   103 |   245 ||   348
       Tailslap          |       |     1 ||     1
       Halberd           |       |   100 ||   100
  Use: Potion            |       |     1 ||     1
 Stab: Distracted        |     1 |       ||     1
  Eat: Chunk             |       |    10 ||    10
Armor: Scale mail        |    27 |   119 ||   146
Dodge: Dodged            |    14 |    94 ||   108
Block: Shield            |    45 |    94 ||   139
